Map: 2000 Atmospheres LE

Players

LiquidClem (Clem) - Winner!

  • Race: Terran Terran
  • League: Grandmaster

Reynor

  • Race: Zerg Zerg
  • League: Master

Event: DreamHack SC2 Masters 2021 Summer

VOD

Have the link to the VOD?

Description

Time

  • Played on: June 5, 2021, 11:58 a.m.
  • Length: 12:22

All games in this series

Show
View Real Time Build Order
Export as new Build Order

LiquidClem Terran - Winner!

Build Orders: Reaper Expand, Hellion Banshee 

Get SALT Encoding   

  12  0:00  SCV  
  13  0:12  SCV  
  14  0:16  Supply Depot  
  14  0:24  SCV  
  15  0:38  SCV  
  15  0:40  Barracks  
  15  0:42  Refinery  
  16  0:50  SCV  
  17  1:02  SCV  
  18  1:14  SCV  
  19  1:27  Reaper, Orbital Command  
  20  1:39  Command Center  
  20  1:46  Supply Depot  
  20  1:53  SCV  
  21  1:58  Marine  
  22  2:05  SCV  
  23  2:09  Factory  
  23  2:17  SCV  
  23  2:19  Barracks Reactor  
  24  2:29  SCV  
  25  2:38  Command Center  
  25  2:41  SCV  
  26  2:50  Orbital Command  
  26  2:53  SCV  
  26  2:58  Starport  
  28  3:05  SCV  
  28  3:06  Refinery  
  28  3:10  Hellion  
  30  3:14  Hellion  
  30  3:16  SCV  
  30  3:18  SCV  
  34  3:21  Barracks Tech Lab  
  34  3:28  SCV  
  34  3:31  Hellion  
  34  3:33  SCV  
  38  3:36  Hellion  
  38  3:40  SCV  
  41  3:43  Banshee  
  41  3:46  SCV  
  45  3:51  Orbital Command  
  45  3:52  SCV  
  45  3:55  Cloaking Field  
  46  4:01  SCV, Hellion  
  49  4:03  Supply Depot  
  49  4:05  SCV, Hellion  
  52  4:11  Barracks Tech Lab  
  52  4:13  SCV  
  54  4:17  SCV  
  54  4:18  SCV  
  54  4:22  Hellion  
  57  4:26  SCV, Hellion, Banshee  
  57  4:29  Supply Depot  
  57  4:30  SCV x2  
  65  4:38  SCV  
  66  4:39  Armory  
  66  4:42  SCV, Orbital Command  
  66  4:43  Hellion  
  69  4:50  SCV, Barracks  
  69  4:51  Hellion, Supply Depot  
  69  4:52  Marine  
  73  4:53  Refinery  
  73  4:54  SCV  
  73  4:58  Barracks, Stimpack  
  74  5:04  Refinery, SCV  
  74  5:06  SCV  
  76  5:08  SCV  
  76  5:12  Marine  
  76  5:14  Supply Depot  
  78  5:16  SCV  
  78  5:19  Supply Depot  
  79  5:23  Engineering Bay  
  79  5:24  Starport Reactor  
  79  5:25  Factory Reactor  
  79  5:26  SCV, Engineering Bay  
  79  5:28  SCV  
  81  5:30  Marine  
  81  5:32  SCV  
  83  5:36  Supply Depot  
  83  5:38  SCV  
  81  5:44  SCV  
  81  5:46  Barracks x2  
  81  5:49  Marine  
  76  5:51  SCV x2  
  76  5:53  Barracks Reactor  
  76  5:54  Marine  
  76  5:55  Supply Depot  
  76  5:56  Marine  
  82  5:57  SCV  
  82  6:04  Medivac x2  
  84  6:05  Widow Mine x2  
  84  6:07  SCV, Marine  
  88  6:12  Hellion x4  
  88  6:13  SCV x2  
  88  6:14  Terran Infantry Armor Level 1, Terran Infantry Weapons Level 1  
  88  6:16  Marine x2, Supply Depot  
  86  6:20  SCV  
  86  6:24  Supply Depot  
  86  6:25  SCV, Marine  
  87  6:29  SCV  
  87  6:31  Marine x2  
  93  6:32  SCV  
  93  6:33  Factory, Marine  
  93  6:34  Marine  
  93  6:35  Barracks Reactor  
  93  6:36  Widow Mine  
  93  6:38  Combat Shield  
  97  6:43  Marine  
  97  6:44  Barracks Reactor  
  97  6:45  Widow Mine  
  97  6:47  Refinery  
  98  6:48  Marine  
  98  6:49  Supply Depot  
  98  6:52  SCV x3  
  102  6:56  Marine x2, Command Center  
  102  6:57  Marine, Supply Depot  
  102  7:00  Medivac  
  107  7:02  Widow Mine  
  107  7:03  Medivac  
  107  7:06  Marine  
  112  7:08  Marine  
  112  7:09  Widow Mine, SCV  
  112  7:10  SCV x2  
  112  7:14  Marine x3  
  121  7:16  Marine x2  
  121  7:19  Drilling Claws  
  121  7:21  Widow Mine, Supply Depot  
  123  7:23  Widow Mine  
  123  7:26  Marine  
  123  7:27  Refinery  
  126  7:30  Widow Mine  
  126  7:34  Marine x2  
  126  7:36  Supply Depot  
  129  7:37  Marine x2  
  129  7:38  Marine x2  
  129  7:39  Medivac  
  129  7:40  Marine, Medivac  
  129  7:42  Widow Mine  
  140  7:45  Widow Mine  
  140  7:46  Marine x2, Supply Depot  
  140  7:49  Supply Depot  
  146  7:51  Widow Mine, Marine x2  
  148  7:59  Marine  
  148  8:00  Marine x3  
  148  8:03  Marine  
  148  8:04  Widow Mine, SCV, Marine  
  153  8:05  SCV  
  153  8:06  SCV  
  153  8:09  Medivac x2  
  159  8:14  Widow Mine  
  159  8:16  SCV  
  161  8:20  Marine  
  161  8:21  Marine x2  
  161  8:22  Barracks  
  161  8:23  Widow Mine, Barracks x2  
  161  8:25  Widow Mine, Marine  
  169  8:30  Marine  
  169  8:34  Terran Infantry Armor Level 2, Terran Infantry Weapons Level 2  
  170  8:38  Marine  
  170  8:39  Medivac  
  173  8:44  Widow Mine  
  173  8:46  Widow Mine, Medivac  
  176  8:51  Widow Mine  
  176  8:52  Marine  
  163  8:58  Marine x3  
  163  8:59  Marine  
  163  9:01  Marine x2  
  163  9:02  Marine  
  160  9:05  Planetary Fortress  
  160  9:06  Widow Mine  
  160  9:07  SCV x2, Terran Vehicle And Ship Armor Level 1  
  160  9:08  Widow Mine, SCV  
  160  9:09  Medivac  
  169  9:10  Barracks Tech Lab x3  
  169  9:12  Widow Mine  
  171  9:18  Marine  
  171  9:19  Marine  
  171  9:23  Marine  
  173  9:27  Widow Mine, SCV  
  173  9:28  Command Center  
  173  9:29  Widow Mine  
  171  9:34  Widow Mine  
  171  9:36  Marine  
  171  9:37  Marine x2  
  155  9:41  Marine x2  
  155  9:45  Marauder x3  
  156  9:46  Concussive Shells  
  156  9:48  Widow Mine  
  156  9:49  SCV x3  
  156  9:50  SCV  
  156  9:52  Widow Mine, Marine x2  
  166  9:58  Widow Mine  
  168  10:00  Marine  
  168  10:01  SCV, Marauder  
  168  10:02  Marine x2  
  168  10:03  Marine  
  173  10:10  Widow Mine  
  173  10:12  Marine  
  173  10:13  Widow Mine  
  176  10:15  Marauder x2  
  176  10:16  Marine x2  
  176  10:20  Widow Mine  
  180  10:22  Medivac x2  
  180  10:25  Marine  
  180  10:26  Refinery  
  180  10:27  Command Center  
  183  10:30  Marine  
  183  10:31  Widow Mine, Marauder  
  183  10:33  Marauder  
  183  10:35  Widow Mine  
  190  10:41  Widow Mine  
  190  10:42  Marine x4  
  192  10:53  Widow Mine  
  192  10:54  Marine x2  
  192  10:55  Marauder  
  192  10:56  Widow Mine  
  198  11:02  Siege Tank  
  197  11:05  Marine  
  197  11:09  Marine  
  188  11:13  Marine, Medivac  
  188  11:14  Widow Mine  
  188  11:15  Marine  
  188  11:17  Widow Mine, Marine  
  196  11:19  Planetary Fortress  
  196  11:21  Command Center  
  196  11:25  Ghost Academy  
  185  11:35  Widow Mine x2, Marauder x2, Marine x4  
  185  11:36  Liberator  
  184  11:47  Marauder  
  184  11:51  Medivac  
  184  11:52  Widow Mine  
  189  11:56  Widow Mine, Marine  
  189  11:57  Marine  
  189  11:59  Widow Mine  
  189  12:00  Marauder  
  189  12:02  Marine  
  183  12:14  Command Center  
Show
View Real Time Build Order
Export as new Build Order

Reynor Zerg 

Build Orders: Hatch First 

Get SALT Encoding   

  12  0:00  Drone  
  13  0:11  Overlord  
  13  0:16  Drone  
  14  0:30  Drone x2  
  16  0:47  Hatchery  
  15  0:50  Drone  
  15  0:54  Drone  
  18  0:57  Drone  
  18  1:08  Extractor  
  17  1:12  Spawning Pool  
  17  1:15  Drone  
  18  1:18  Drone  
  18  1:27  Drone  
  19  1:38  Drone  
  20  1:48  Overlord  
  20  1:59  Queen x2, Zergling x4  
  26  2:10  Drone  
  26  2:11  Drone  
  28  2:16  Metabolic Boost  
  28  2:21  Drone x2  
  30  2:28  Spore Crawler  
  30  2:39  Hatchery, Drone x2  
  31  2:45  Queen  
  31  2:50  Overlord  
  33  2:52  Drone  
  33  2:55  Drone  
  33  2:57  Drone  
  36  3:09  Drone x3, Overlord  
  39  3:13  Queen  
  39  3:16  Drone  
  42  3:22  Drone x2  
  44  3:30  Queen  
  44  3:31  Drone x2  
  48  3:36  Overlord  
  48  3:40  Drone x3  
  51  3:46  Overlord  
  51  3:51  Queen, Zergling x2  
  51  3:52  Drone  
  55  3:56  Queen  
  55  3:57  Overlord  
  55  4:00  Overlord  
  57  4:03  Drone  
  57  4:04  Drone  
  57  4:07  Zergling x2  
  57  4:08  Zergling x2  
  61  4:12  Drone x2  
  61  4:16  Lair  
  63  4:17  Drone  
  63  4:23  Drone x4  
  68  4:27  Drone  
  68  4:28  Drone  
  68  4:29  Queen  
  72  4:35  Drone x2, Queen  
  76  4:40  Extractor, Drone, Spore Crawler  
  75  4:45  Zergling x2  
  75  4:46  Zergling x2  
  75  4:47  Overlord  
  75  4:48  Drone  
  75  4:49  Drone x2  
  75  4:51  Spore Crawler  
  79  4:53  Spore Crawler  
  79  4:55  Drone  
  79  4:57  Drone  
  80  5:01  Drone, Overlord  
  80  5:02  Drone  
  80  5:05  Drone  
  83  5:08  Overlord, Baneling Nest  
  82  5:15  Drone  
  82  5:16  Drone  
  84  5:23  Overlord  
  84  5:24  Overseer  
  84  5:25  Overseer  
  84  5:26  Drone x4  
  88  5:28  Drone x2  
  88  5:30  Zergling x2  
  88  5:31  Zergling x4  
  88  5:33  Queen  
  93  5:39  Zergling x8  
  93  5:40  Queen x2  
  92  5:44  Zergling x2  
  91  5:50  Extractor x2  
  91  5:54  Evolution Chamber  
  91  5:55  Evolution Chamber  
  86  6:01  Hatchery  
  86  6:02  Zergling x14  
  86  6:03  Overlord  
  84  6:10  Drone x3  
  85  6:13  Drone  
  85  6:18  Drone x2  
  84  6:19  Drone x2, Centrifical Hooks  
  84  6:20  Drone  
  84  6:23  Drone  
  88  6:28  Queen  
  88  6:30  Drone x2  
  91  6:36  Drone  
  91  6:39  Zergling x4  
  91  6:43  Queen x2  
  91  6:47  Zerg Ground Armor Level 1, Zergling x2, Zerg Melee Weapons Level 1  
  94  6:50  Zergling x6  
  94  6:51  Zergling x4  
  94  6:53  Drone  
  101  6:54  Drone x5  
  101  6:59  Zergling x2  
  107  7:03  Zergling x2  
  107  7:06  Zergling x2  
  107  7:08  Baneling x3  
  109  7:12  Drone, Queen  
  111  7:16  Zergling x6  
  111  7:18  Baneling x4  
  111  7:19  Zergling x2  
  115  7:25  Baneling x2  
  115  7:26  Baneling, Zergling x10  
  115  7:27  Zergling x10  
  115  7:29  Baneling  
  125  7:31  Overlord  
  125  7:35  Overseer, Overlord x2  
  125  7:38  Overlord  
  125  7:41  Hatchery, Baneling x2  
  125  7:44  Overlord  
  124  7:47  Spore Crawler  
  119  7:52  Zergling x14  
  119  7:53  Zergling x4  
  126  8:01  Zergling x2  
  126  8:02  Zergling x16  
  126  8:05  Zergling x2  
  132  8:07  Drone  
  132  8:10  Baneling x6  
  132  8:11  Zergling x2  
  132  8:12  Zergling x2  
  130  8:15  Drone  
  130  8:18  Baneling x4, Infestation Pit  
  130  8:19  Drone x4  
  134  8:20  Zergling x6  
  134  8:21  Extractor  
  134  8:23  Zergling x4  
  138  8:27  Zergling x2  
  138  8:34  Baneling  
  139  8:35  Zergling x6  
  139  8:36  Baneling x5  
  139  8:37  Drone x6  
  139  8:40  Zergling x2  
  149  8:41  Extractor  
  143  8:49  Zergling x6  
  143  8:52  Zergling x8  
  140  8:58  Zergling x4  
  140  9:00  Zergling x2  
  135  9:03  Zergling x4  
  135  9:05  Zergling x4  
  135  9:07  Hive  
  135  9:08  Zergling x6  
  135  9:09  Zergling x6  
  145  9:10  Overlord  
  145  9:13  Zerg Ground Armor Level 2, Zerg Melee Weapons Level 2  
  145  9:15  Queen, Overlord x3  
  144  9:17  Baneling x6  
  144  9:20  Zergling x4  
  144  9:22  Overlord  
  144  9:23  Spire  
  143  9:27  Extractor  
  143  9:28  Extractor  
  138  9:34  Zergling x12  
  138  9:35  Overseer  
  138  9:38  Zergling x10  
  125  9:40  Zergling x6  
  125  9:49  Zergling x14  
  125  9:51  Hatchery, Baneling x2  
  125  9:52  Baneling x2  
  131  9:54  Zergling x2  
  131  9:56  Zergling x2  
  131  9:57  Baneling x10  
  131  9:58  Overseer  
  131  9:59  Zergling x2  
  134  10:05  Baneling x6  
  134  10:06  Zergling x2  
  136  10:09  Overlord  
  136  10:10  Zergling x2  
  136  10:12  Zergling x2  
  134  10:16  Zergling x18  
  134  10:20  Overlord  
  140  10:22  Zergling x4  
  140  10:26  Zergling x2  
  132  10:30  Zergling x4  
  132  10:35  Zergling x4  
  132  10:41  Drone  
  133  10:43  Zergling x4  
  133  10:44  Greater Spire  
  133  10:45  Zergling x6  
  133  10:46  Zergling x12  
  133  10:49  Overlord  
  144  10:53  Hatchery  
  144  10:55  Zergling x4  
  138  10:57  Zergling x2  
  138  10:59  Overlord  
  127  11:13  Zergling x22  
  134  11:19  Overlord  
  134  11:20  Corruptor x3  
  134  11:21  Corruptor x5  
  150  11:26  Zergling x4  
  150  11:28  Zergling x4  
  150  11:32  Baneling  
  150  11:33  Baneling x8  
  145  11:42  Baneling x5  
  145  11:43  Zergling x18  
  145  11:45  Zergling x2  
  145  11:46  Zergling x2  
  146  11:49  Baneling x7  
  146  11:50  Corruptor x5  
  146  11:53  Zergling x8  
  134  11:55  Zergling x4  
  134  11:56  Zergling x6  
  132  12:03  Zergling x10  
Tags
 
Add a new tag
Caveats
  • Supply blocks, unpowered buildings, or Contaminate may cause inaccurate times.
  • Supply counts are checked every 10 seconds.